 Dungeon Crawl Stone Soup version 0.18.1-47-g9310371 (webtiles) character file.

11821 KrisztiCat the Thaumaturge (level 11, -2/62 HPs)
             Began as a Gargoyle Earth Elementalist on June 18, 2016.
             Was a High Priest of Vehumet.
             Slain by a spiny frog (13 damage)
             ... on level 3 of the Lair of Beasts.
             The game lasted 01:33:10 (11658 turns).

KrisztiCat the Thaumaturge (GrEE)                  Turns: 11658, Time: 01:33:11

Health: -2/62      AC: 21    Str: 14    XL:     11   Next: 83%
Magic:  1/34       EV: 19    Int: 20    God:    Vehumet [*****.]
Gold:   541        SH:  0    Dex: 18    Spells: 4 memorised, 16 levels left

rFire  + . .     SeeInvis .     h - +10 mace "Plog" {drain, MR- Str+3 Dex+8}
rCold  . . .     Gourm    .     L - +1 robe {rF+}
rNeg   + . .     Faith    .     (no shield)
rPois  ∞         Spirit   .     x - +0 helmet
rElec  +         Dismiss  .     a - +1 cloak {MR+}
rCorr  .         Reflect  .     J - +1 pair of gloves
SustAt .         Harm     .     U - +0 pair of boots
MR     .....                    (no amulet)
Stlth  ++........               n - ring of magical power
                                k - +2 ring of evasion

@: not resistant to hostile enchantments, unstealthy
A: repulsion field 1, iridescent scales 1, negative energy resistance 1,
electricity resistance, unbreathing, petrification resistance, rot immunity, AC
+7
a: Renounce Religion


You were on level 3 of the Lair of Beasts.
You worshipped Vehumet.
Vehumet was extremely pleased with you.
You were not hungry.

You visited 3 branches of the dungeon, and saw 14 of its levels.
You also visited: Ossuary and Volcano.

You collected 749 gold pieces.
You spent 208 gold pieces at shops.

Inventory:

Hand Weapons
 h - the +10 mace "Plog" (weapon) {drain, MR- Str+3 Dex+8}
   (You bought it in a shop on level 5 of the Dungeon)

   A truly terrible weapon, it drains the life of those it strikes.
   It affects your strength (+3).
   It affects your dexterity (+8).
   It affects your resistance to hostile enchantments.
Missiles
 b - 295 stones (quivered)
Armour
 a - a +1 cloak of magic resistance (worn)
 r - a +0 buckler
 x - a +0 helmet (worn)
 C - a +0 cloak of invisibility
 J - a +1 pair of gloves (worn)
 L - a +1 robe of fire resistance (worn)
 U - a +0 pair of boots (worn)
Magical Staves
 V - a cursed staff of wizardry
 X - an uncursed staff of power
Jewellery
 k - a +2 ring of evasion (left hand)
 n - a ring of magical power (right hand)
 y - an uncursed ring of fire
Wands
 f - a wand of slowing (21/48)
 m - a wand of acid (3/15)
 D - a wand of paralysis (10/24)
 E - a wand of teleportation (2/9)
 F - a wand of iceblast (11/15)
 H - a wand of flame (18/48)
 I - a wand of disintegration (16/24)
 M - a wand of lightning (4/15)
 Y - a wand of flame (35/48)
Scrolls
 l - 2 scrolls of enchant armour
 p - 4 scrolls of fog
 A - a scroll of teleportation
 P - 4 scrolls of remove curse
 Q - a scroll of enchant weapon
 R - a scroll of blinking
 W - a scroll of magic mapping
Potions
 e - 3 potions of cancellation
 g - a potion of heal wounds
 i - 3 potions of flight
 j - a potion of magic
 t - a potion of invisibility
 v - a potion of agility
 w - 6 potions of might
 B - 4 potions of brilliance
 G - 2 potions of ambrosia
 K - 6 potions of curing
 S - a potion of berserk rage
Books
 c - a book of Geomancy

   Spells                             Type                      Level
   a - Sandblast                      Earth                        1
   b - Passwall                       Transmutation/Earth          2
   c - Stone Arrow                    Conjuration/Earth            3
   d - Petrify                        Transmutation/Earth          4
   e - Lee's Rapid Deconstruction     Earth                        5
 o - a book of Changes

   Spells                             Type                      Level
   a - Beastly Appendage              Transmutation                1
   b - Sticks to Snakes               Transmutation                2
   c - Spider Form                    Transmutation/Poison         3
   d - Ice Form                       Ice/Transmutation            4
   e - Blade Hands                    Transmutation                5
 O - a book of Misfortune

   Spells                             Type                      Level
   a - Confusing Touch                Hexes                        2
   b - Confuse                        Hexes                        3
   c - Gell's Gravitas                Hexes/Translocation          3
   d - Petrify                        Transmutation/Earth          4
   e - Metabolic Englaciation         Hexes/Ice                    5
   f - Yara's Violent Unravelling     Hexes/Transmutation          5
Miscellaneous
 Z - a plain deck of summoning
Comestibles
 d - 5 bread rations
 q - 13 fruits
 s - 3 beef jerkies
 u - 5 chunks of flesh
 z - 5 meat rations
 N - 2 slices of pizza


   Skills:
 + Level 4.9 Fighting
 + Level 4.9 Maces & Flails
 + Level 5.4 Armour
 + Level 4.2 Dodging
 - Level 2.1 Stealth
 + Level 5.2 Shields
 * Level 10.0 Spellcasting
 + Level 5.4 Conjurations
   Level 0.7 Transmutations
 + Level 2.1 Fire Magic
 + Level 9.5 Earth Magic
 + Level 4.1 Evocations


You had 16 spell levels left.
You knew the following spells:

 Your Spells              Type           Power        Failure   Level  Hunger
a - Sandblast             Erth           #####.       1%          1    None
b - Stone Arrow           Conj/Erth      #####.       1%          3    None
c - Lee's Rapid Deconstr  Erth           #####.....   1%          5    ####...
d - Bolt of Magma         Conj/Fire/Erth ####......   5%          5    ####...


Dungeon Overview and Level Annotations

Branches:
Dungeon (10/15)            Temple (1/1) D:5            Lair (3/8) D:9
    Orc (0/2) D:9
  Swamp: Lair:3-6    Shoals: Lair:3-6     Snake: Lair:3-6    Spider: Lair:3-6

Altars:
Ashenzari
Cheibriados
Dithmenos
Elyvilon
Fedhas
Gozag
Kikubaaqudgha
Makhleb
Nemelex Xobeh
Okawaru
Pakellas
Qazlal
Ru
Sif Muna
Trog
Vehumet
Xom
Yredelemnul
Zin
The Shining One

Shops:
D:5 ([[


Innate Abilities, Weirdness & Mutations

You are resistant to torment.
Your stone body is resilient (AC +7).
You are immune to poison.
You resist negative energy.
You are resistant to electric shocks.
You can survive without breathing.
You are immune to petrification.
You are immune to rotting.
You are surrounded by a mild repulsion field (EV +2).
You are partially covered in iridescent scales (AC +4).


Message History

A spiny frog comes into view.
The spiny frog croaks.
Found 19 arrows.
There is a stone staircase leading up here.
Casting: Stone Arrow
Confirm with . or Enter, or press ? or * to list all spells.
Aiming: Stone Arrow
Press: ? - help, Shift-Dir - straight line, f - spiny frog
Aim: a spiny frog The stone arrow hits the spiny frog.
The spiny frog is lightly wounded.
The spiny frog stings you!
* * * LOW HITPOINT WARNING * * *
You thump the spiny frog!
The spiny frog is moderately wounded.
The spiny frog misses you.
You closely miss the spiny frog.
The spiny frog is moderately wounded.
The spiny frog stings you!
You die...

#. #..
##..
###..P
##....
##....#
#....F#
##...@#
#...<##
#....#
#....#
#....#
#....#
#....#
#...##
#..(


You could see a spiny frog.

Vanquished Creatures
  A griffon (D:9)
  A manticore (D:7)
  Maurice (D:8)
  Psyche (D:9)
  A spiny frog (Lair:2)
  Grinder (D:3)
  3 blink frogs (Lair:2)
  Sigmund (D:3)
  2 flying skulls (Volcano)
  5 yaks (Lair:1)
  3 vampires (Volcano)
  Grum (D:8)
  3 hippogriffs
  Edmund (D:5)
  3 porcupines
  2 ogres
  8 orc warriors
  2 sky beasts
  A black bear (D:7)
  A necrophage (D:9)
  An ice beast (D:8)
  8 wolves
  2 crocodiles (D:9)
  14 big kobolds (D:9)
  An elf zombie (Ossuary)
  6 giant frogs
  3 scorpions
  A water moccasin skeleton (D:9)
  9 killer bees
  7 wights
  3 electric eels (D:7)
  4 howler monkeys (D:8)
  2 giant frog zombies
  3 crimson imps
  2 jellies
  A centaur zombie (Ossuary)
  5 hounds
  A gnoll shaman (D:9)
  2 human zombies (Ossuary)
  6 orc priests
  Crazy Yiuf (D:6)
  A centaur skeleton (D:8)
  A giant frog skeleton (D:8)
  3 iguanas
  13 orc wizards
  3 worker ants
  A big kobold zombie (Ossuary)
  2 hound zombies (Ossuary)
  A hound skeleton (D:7)
  4 mummies
  A worker ant zombie (D:9)
  13 adders
  11 gnolls
  15 river rats (Lair:2)
  4 shadow imps
  8 white imps (Lair:2)
  5 adder zombies (Ossuary)
  A worm (D:2)
  A dart slug (D:3)
  7 giant geckos
  46 orcs
  4 giant cockroaches
  A gnoll zombie (Ossuary)
  5 goblins
  7 hobgoblins
  11 jackals
  3 quokkas
  A ball python (D:5)
  6 bats
  A giant gecko zombie (D:5)
  6 giant newts
  2 goblin zombies (Ossuary)
  3 hobgoblin zombies (Ossuary)
  A jackal skeleton (D:4)
  8 jackal zombies
  18 kobolds
  3 kobold zombies (Ossuary)
  An orc zombie (Ossuary)
  2 quokka zombies (Ossuary)
  18 rats
  4 rat zombies (Ossuary)
370 creatures vanquished.

Vanquished Creatures (collateral kills)
  A wolf (D:8)
  A hound (D:8)
  An orc priest (D:8)
  An orc (D:8)
4 creatures vanquished.

Grand Total: 374 creatures vanquished

Notes
Turn   | Place    | Note
--------------------------------------------------------------
     0 | D:1      | KrisztiCat the Gargoyle Earth Elementalist began the quest for the Orb.
     0 | D:1      | Reached XP level 1. HP: 10/10 MP: 3/3
   554 | D:1      | Reached XP level 2. HP: 14/15 MP: 1/5
  1007 | D:1      | Reached XP level 3. HP: 19/19 MP: 2/7
  1078 | D:2      | Reached skill level 3 in Spellcasting
  1158 | D:2      | Found a faded altar to an unknown god.
  1967 | D:3      | Reached XP level 4. HP: 24/24 MP: 7/9
  2030 | D:4      | Found a sand-covered staircase.
  2039 | Ossuary  | Entered an ossuary
  2098 | Ossuary  | Reached skill level 4 in Spellcasting
  2098 | Ossuary  | Reached XP level 5. HP: 19/28 MP: 4/11
  2107 | Ossuary  | Reached skill level 5 in Earth Magic
  2555 | Ossuary  | Reached XP level 6. HP: 32/32 MP: 10/13
  2612 | Ossuary  | Reached skill level 5 in Spellcasting
  2938 | D:3      | Gained mutation: You are partially covered in iridescent scales (AC +4). [potion of beneficial mutation]
  2976 | D:3      | Reached XP level 7. HP: 6/36 MP: 1/15
  2997 | D:3      | Reached skill level 6 in Spellcasting
  3287 | D:3      | Noticed Grinder
  3315 | D:3      | Paralysed by Grinder for 6 turns
  3322 | D:3      | Paralysed by Grinder for 5 turns
  3329 | D:3      | Killed Grinder
  3400 | D:3      | Noticed Sigmund
  3509 | D:3      | Killed Sigmund
  3509 | D:3      | Reached skill level 7 in Spellcasting
  3509 | D:3      | Reached XP level 8. HP: 34/41 MP: 14/18
  3956 | D:3      | Found an iron altar of Okawaru.
  4121 | D:5      | Entered Level 5 of the Dungeon
  4121 | D:5      | Noticed Edmund
  4753 | D:5      | Gained mutation: You are surrounded by a mild repulsion field (EV +2). [potion of beneficial mutation]
  4845 | D:5      | Learned a level 3 spell: Stone Arrow
  4904 | D:5      | Found Manakh's Antique Weapon Boutique.
  4911 | D:5      | Bought a translucent mace for 208 gold pieces
  4911 | D:5      | Identified the +10 mace "Plog" {drain, MR- Str+3 Dex+8} (You bought it in a shop on level 5 of the Dungeon)
  5074 | D:5      | Found a staircase to the Ecumenical Temple.
  5083 | Temple   | Entered the Ecumenical Temple
  5100 | Temple   | Became a worshipper of Vehumet
  5411 | D:5      | Found a blossoming altar of Fedhas.
  5499 | D:5      | Killed Edmund
  5499 | D:5      | Reached skill level 1 in Shields
  5499 | D:5      | Reached skill level 1 in Conjurations
  5531 | D:5      | Reached skill level 1 in Armour
  5537 | D:5      | Found Jozonk's Armour Shop.
  5644 | D:5      | Reached skill level 1 in Evocations
  5646 | D:5      | Found Jetsilye's Antique Armour Shoppe.
  5663 | D:5      | Reached skill level 1 in Maces & Flails
  5889 | D:5      | Reached skill level 8 in Spellcasting
  6018 | D:6      | Reached XP level 9. HP: 38/46 MP: 21/21
  6140 | D:6      | Found a snail-covered altar of Cheibriados.
  6140 | D:6      | Found a burning altar of Makhleb.
  6141 | D:6      | Found a white marble altar of Elyvilon.
  6147 | D:6      | Found a sacrificial altar of Ru.
  6191 | D:6      | Reached skill level 1 in Fighting
  6200 | D:6      | Reached * piety under Vehumet
  6200 | D:6      | Offered knowledge of Freeze by Vehumet.
  6506 | D:6      | Noticed Crazy Yiuf
  6512 | D:6      | Killed Crazy Yiuf
  7016 | D:7      | Noticed a manticore
  7038 | D:7      | Killed a manticore
  7142 | D:7      | Found a shimmering altar of Xom.
  7756 | D:8      | Reached ** piety under Vehumet
  7756 | D:8      | Offered knowledge of Searing Ray by Vehumet.
  7756 | D:8      | Reached XP level 10. HP: 41/56 MP: 8/22
  7794 | D:8      | Noticed Grum
  7801 | D:8      | Killed Grum
  7946 | D:8      | Noticed Maurice
  7951 | D:8      | Reached skill level 9 in Spellcasting
  8159 | D:8      | Offered knowledge of Dazzling Spray by Vehumet.
  8166 | D:8      | Killed Maurice
  8601 | D:8      | Reached *** piety under Vehumet
  8791 | D:8      | Learned a level 5 spell: Lee's Rapid Deconstruction
  9249 | D:9      | Found a staircase to the Lair.
  9541 | D:9      | Found a staircase to the Orcish Mines.
  9547 | D:9      | Offered knowledge of Inner Flame by Vehumet.
  9655 | D:9      | Reached XP level 11. HP: 62/62 MP: 13/24
  9665 | D:9      | Reached **** piety under Vehumet
  9738 | D:9      | Offered knowledge of Bolt of Magma by Vehumet.
  9745 | D:9      | Learned a level 5 spell: Bolt of Magma
  9765 | D:10     | Entered Level 10 of the Dungeon
  9824 | D:9      | Noticed a griffon
  9838 | D:9      | Killed a griffon
  9838 | D:9      | Reached skill level 5 in Conjurations
 10105 | D:9      | Reached skill level 5 in Armour
 10122 | D:9      | Noticed Psyche
 10123 | D:9      | Found a glowing golden altar of the Shining One.
 10130 | D:9      | Killed Psyche
 10334 | Lair:1   | Entered Level 1 of the Lair of Beasts
 10349 | Lair:1   | Reached skill level 1 in Fire Magic
 10768 | Lair:1   | Reached ***** piety under Vehumet
 10879 | Lair:1   | Found a dark tunnel.
 10886 | Volcano  | Entered a volcano
 11032 | Volcano  | Reached skill level 5 in Shields
 11040 | Volcano  | Offered knowledge of Olgreb's Toxic Radiance by Vehumet.
 11494 | Lair:2   | Reached skill level 10 in Spellcasting
 11658 | Lair:3   | Slain by a spiny frog

Skill      XL: |  1  2  3  4  5  6  7  8  9 10 11 |
---------------+----------------------------------+-----
Earth Magic    | 4 5 6 7 8 9 |  9.5
Spellcasting   | 3 4 5 7 8 9 10 | 10.0
Shields        | 1 2 4 5 |  5.2
Conjurations   | 1 3 4 5 |  5.4
Armour         | 1 3 4 5 |  5.4
Evocations     | 1 2 3 4 |  4.1
Maces & Flails | 1 2 3 4 |  4.9
Fighting       | 3 4 |  4.9
Dodging        | 2 3 4 |  4.2
Fire Magic     | 2 |  2.1
Stealth        | |  2.1
Transmutations | |  0.7

Action                   |  1- 3 |  4- 6 |  7- 9 | 10-12 || total
-------------------------+-------+-------+-------+-------++-------
Melee: Short sword       |    58 |       |       |       ||    58
       Whip              |       |    89 |    11 |       ||   100
       Mace              |       |       |   116 |   364 ||   480
 Cast: Sandblast         |    69 |   126 |   148 |    17 ||   360
       Stone Arrow       |       |       |    26 |   125 ||   151
       Lee's Rapid Decon |       |       |       |     6 ||     6
  Use: Scroll            |       |    13 |    10 |    10 ||    33
       Potion            |       |     4 |     1 |     2 ||     7
 Stab: Sleeping          |     1 |       |       |     4 ||     5
       Distracted        |       |       |     1 |     1 ||     2
  Eat: Chunk             |     3 |     2 |    13 |    14 ||    32
       Meat ration       |       |     1 |       |       ||     1
Armor: Robe              |    31 |    60 |    85 |   161 ||   337
Dodge: Dodged            |    83 |   135 |   223 |   454 ||   895
